 Dungeon Crawl Stone Soup version 0.29.0-4-gdea44cf6ec (webtiles) character file.

Game seed: 15519524163897836140

16 qw the Chopper (level 2, -1/17 HPs)
             Began as a Tengu Warper on Aug 28, 2022.
             Succumbed to their own poison gas
             ... on level 1 of the Dungeon.
             The game lasted 00:00:05 (1236 turns).

qw the Chopper (Tengu Warper)                       Turns: 1236, Time: 00:00:06

Health: -1/17      AC:  7    Str: 11    XL:     2   Next: 54%
Magic:  6/6        EV:  9    Int: 13    God:
Gold:   22         SH:  0    Dex: 13    Spells: 5/5 levels left

rFire   + . .      SeeInvis .   Y - +0 hand axe
rCold   + . .      Faith    .   (no shield)
rNeg    . . .      Spirit   .   i - +0 scale mail
rPois   .          Reflect  .   h - +1 hat
rElec   .          Harm     .   k - scarf {rC+ rF+}
rCorr   .          Rampage  .   (no gloves)
Will    .....                   (boots unavailable)
Stlth   ..........              (no amulet)
HPRegen 0.05/turn               (no ring)
MPRegen 0.10/turn               (no ring)

@: lethally poisoned (-1 -> -7)
A: beak, talons 3
a: no special abilities


You were on level 1 of the Dungeon.
You visited 1 branch of the dungeon, and saw 1 of its levels.

You collected 22 gold pieces.


Innate Abilities, Weirdness & Mutations

You have a beak for a mouth.
You have claws for feet.


   Skills:
 - Level 2.0 Fighting
 + Level 3.4 Axes
 - Level 1.0 Throwing
 - Level 1.1 Armour
 - Level 2.1 Dodging
 - Level 2.0 Spellcasting
 - Level 2.4 Translocations


You had 5 spell levels left.
You didn't know any spells.
Your spell library contained the following spells:

 Spells                   Type           Power      Damage    Failure   Level
 Blink                    Tloc           14%        N/A       65%         2
 Gell's Gravitas          Tloc           7%         N/A       86%         3
 Lesser Beckoning         Tloc           7%         N/A       86%         3
 Teleport Other           Tloc           7%         N/A       86%         3
 Manifold Assault         Tloc           7%         N/A       100%        5

Inventory:

Hand Weapons
 e - a +0 mace
 Y - a +0 hand axe (weapon)
Armour
 h - a +1 hat (worn)
 i - a +0 scale mail (worn)
 k - a scarf of resistance (worn)
Potions
 f - 3 potions of heal wounds

Dungeon Overview and Level Annotations

Branches:
Dungeon (1/15)

Altars:

Shops:
D:1 =


Message History

You start putting on your armour.
You continue putting on your scarf of resistance. x4
You finish putting on your scarf of resistance.
You feel resistant to extremes of temperature.
Done exploring.
1228 ||| READING scroll labelled DUVUDU EPPEKH.
As you read the scroll labelled DUVUDU EPPEKH, it crumbles to dust.
It is a scroll of identify.
Really abort (and waste the scroll)?
Done exploring.
1229 ||| READING scroll labelled GAEGAJ PIDYIC.
The air fills with toxic fumes!
As you read the scroll labelled GAEGAJ PIDYIC, it crumbles to dust.
It was a scroll of poison.
Done exploring.
1230 ||| DRINKING 4 sedimented brown potions.
It was a potion of heal wounds.
You feel much better.
Done exploring.
1231 ||| DROPPING scroll of blinking.
You drop a scroll of blinking.
Done exploring.
(D) Dungeon
Where to? (* - list waypoints, ? - help)
What level of the Dungeon? (default 1, ? - help) Sorry, I don't know how to get there.
Done exploring.
1232 ||| Stepping randomly (stuck).
Really walk into that cloud of poison gas?
You are engulfed in poison gas.
You are lethally poisoned!
You feel very sick.
1233 ||| Stepping ~*~*~tactically~*~*~ (cloud).
You feel very sick.
Things that are here:
a scroll of blinking; a +0 ring mail; a +0 leather armour
There is a lethal amount of poison in your body!
You feel sick.
There is a lethal amount of poison in your body!
You feel sick.
There is a lethal amount of poison in your body!
You die...

#..#..#....#..#........#.#
#.....#....#..########.#.#
##.........#..# #.#.# #
#.#.......#..#### #.#.# #
#.#.......#..##~### #.#.# #
#.........#..##~.0###.#.# #
#.##......#0...~¤¤¤¤¤.#.# #
####..#¤¤¤##0##¤¤¤¤¤###.#
#### #...¤¤00¤¤¤@¤¤¤000...#
...###..###¤##¤##0¤¤#######
.#..........##.##~###
..######.#####.####
.'#...##.## #.# #######
.#.....#..## #.# #.....#
.#.....##..# #[# #####.#
.#.....###.# #.# #.#
.'#...## #.###.########.#


There were no monsters in sight!

Vanquished Creatures
  A ball python (D:1)
  A goblin (D:1)
  3 hobgoblins (D:1)
  3 kobolds (D:1)
  A quokka (D:1)
  A bat (D:1)
  A frilled lizard (D:1)
  5 rats (D:1)
16 creatures vanquished.

Notes
Turn   | Place    | Note
-------+----------+-------------------------------------------
     0 | D:1      | qw the Tengu Warper began the quest for the Orb.
     0 | D:1      | Reached XP level 1. HP: 12/12 MP: 4/4
     0 | D:1      | 0 ||| qw: Version: 0.1-a-89-g26bdef1
     0 | D:1      | 0 ||| qw: Game counter: 919
     0 | D:1      | 0 ||| qw: Always use a shield: true
     0 | D:1      | 0 ||| qw: God list: Okawaru
     0 | D:1      | 0 ||| qw: Allow faded altars: false
     0 | D:1      | 0 ||| qw: Do Orc after D:15 true
     0 | D:1      | 0 ||| qw: Do second Lair branch before Depths: true
     0 | D:1      | 0 ||| qw: Lair rune preference: random
     0 | D:1      | 0 ||| qw: Plans: Normal
     0 | D:1      | 0 ||| PLANNING D:1-11
   168 | D:1      | HP: 2/12 [quokka (4)]
   423 | D:1      | Found Kaoc's Jewellery Boutique.
   427 | D:1      | 427 ||| SHOPLISTING +6 ring of strength (468 gold, have
                  | 14).
   427 | D:1      | 427 ||| SHOPLISTING amulet of Fogriadu {Spirit rCorr Int-5
                  | Dex+3} (499 gold, have 14).
   427 | D:1      | 427 ||| SHOPLISTING ring of poison resistance (260 gold,
                  | have 14).
   427 | D:1      | 427 ||| SHOPLISTING ring of positive energy (260 gold, have
                  | 14).
   427 | D:1      | 427 ||| SHOPLISTING ring of willpower (325 gold, have 14).
   522 | D:1      | Reached XP level 2. HP: 17/17 MP: 6/6
   542 | D:1      | Reached skill level 3 in Axes
   656 | D:1      | 656 ||| Stepping ~*~*~tactically~*~*~ (stealth).
   658 | D:1      | 658 ||| Stepping ~*~*~tactically~*~*~ (stealth).
  1196 | D:1      | 1196 ||| UPGRADING to +0 ring mail.
  1206 | D:1      | 1206 ||| DROPPING +0 leather armour.
  1207 | D:1      | 1207 ||| UPGRADING to +1 hat.
  1212 | D:1      | 1212 ||| UPGRADING to +0 scale mail.
  1222 | D:1      | 1222 ||| DROPPING +0 ring mail.
  1223 | D:1      | 1223 ||| UPGRADING to scarf of resistance.
  1228 | D:1      | 1228 ||| READING scroll labelled DUVUDU EPPEKH.
  1229 | D:1      | 1229 ||| READING scroll labelled GAEGAJ PIDYIC.
  1230 | D:1      | 1230 ||| DRINKING 4 sedimented brown potions.
  1231 | D:1      | 1231 ||| DROPPING scroll of blinking.
  1232 | D:1      | 1232 ||| Stepping randomly (stuck).
  1233 | D:1      | 1233 ||| Stepping ~*~*~tactically~*~*~ (cloud).
  1234 | D:1      | HP: 3/17 [poisoned by you (poison gas)]
  1235 | D:1      | HP: 1/17 [poisoned by you (poison gas)]
  1236 | D:1      | Succumbed to their own poison gas

Levels and vault maps discovered:
D:1:      noname_arrival_rooms_in_the_neighbourhood, layout_basic, serial_shops,
          nicolae_shop_competitors_out_of_business,
          chequers_serial_rivers_micro_e

Skill      XL: |  1  2 |
---------------+-------+-----
Axes           | 3 |  3.4
Fighting       | |  2.0
Throwing       | |  1.0
Armour         | |  1.1
Dodging        | |  2.1
Spellcasting   | |  2.0
Translocations | |  2.4

Action                   || total
-------------------------++-------
Melee: Hand axe          ||    35
       Kick              ||     5
       Peck              ||     4
Throw: Boomerang         ||     7
  Use: Scroll            ||     2
       Potion            ||     1
Armor: Leather armour    ||     4
Dodge: Dodged            ||    12

Table legend:
 A = Non-vault XP
 B = Vault XP
 C = Vault XP percentage of total XP
 D = Non-vault monster count
 E = Vault monster count
 F = Vault count percentage of total count
                 A         B        C        D         E       F
            +---------+---------+-------+---------+---------+-------
      Total |      23 |       0 |   0.0 |      16 |       0 |   0.0
            +---------+---------+-------+---------+---------+-------
        D:1 |      23 |       0 |   0.0 |      16 |       0 |   0.0
            +---------+---------+-------+---------+---------+-------
